 Dungeon Crawl Stone Soup version 0.29-a0-468-ge57f7f99b4 (webtiles) character file.

Game seed: 892267787665145904

1096 YayAnonymity the Basher (level 8, -1/61 (66) HPs)
             Began as a Hill Orc Fighter on May 21, 2022.
             Was a Follower of the Shining One.
             Slain by a wight
             ... wielding a +2 trident of freezing
              (11 damage)
             ... on level 6 of the Dungeon.
             The game lasted 00:07:26 (5502 turns).

YayAnonymity the Basher (Hill Orc Fighter)          Turns: 5502, Time: 00:07:27

HP:   -1/61 (66)    AC: 13    Str: 21    XL:     8   Next: 31%
MP:   8/8           EV:  7    Int: 11    God:    the Shining One [*.....]
Gold: 336           SH:  9    Dex: 10    Spells: 7/7 levels left

rFire   . . .      SeeInvis .   a - +1 flail (freeze)
rCold   . . .      Faith    .   c - +0 buckler
rNeg    . . .      Spirit   .   m - +0 chain mail
rPois   .          Reflect  +   l - +0 helmet {Int+3}
rElec   .          Harm     .   f - scarf {shadows}
rCorr   .          Rampage  .   (no gloves)
Will    +....                   u - +2 pair of boots
Stlth   ..........              w - amulet of reflection
HPRegen 0.20/turn               h - ring of willpower
MPRegen 0.11/turn               (no ring)

@: glowing, drained
A: no striking features
a: Renounce Religion, Divine Shield


You were on level 6 of the Dungeon.
You worshipped the Shining One.
The Shining One was aware of your devotion.
You visited 1 branch of the dungeon, and saw 6 of its levels.
You also visited: Sewer.

You collected 336 gold pieces.

Inventory:

Hand Weapons
 a - a +1 flail of freezing (weapon)
 n - a +2 war axe of flaming
Missiles
 i - 8 poisoned darts (quivered)
 p - 5 javelins
 y - a throwing net
Armour
 c - a +0 buckler (worn)
 f - a scarf of shadows (worn)
 l - a +0 helmet of intelligence (worn)
 m - a +0 chain mail (worn)
 u - a +2 pair of boots (worn)
Jewellery
 h - a ring of willpower (left hand)
 w - an amulet of reflection (around neck)
Wands
 t - a wand of charming (14)
Scrolls
 e - 2 scrolls of brand weapon
 j - 2 scrolls of noise
 q - a scroll of teleportation
 s - 2 scrolls of identify
 v - a scroll of magic mapping {unknown}
Potions
 b - a potion of cancellation
 d - 4 potions of might
 g - 3 potions of curing
 k - 2 potions of flight
 o - a potion of mutation {unknown}
 r - 2 potions of berserk rage {unknown}
 x - a potion of heal wounds {unknown}


   Skills:
 - Level 4.0 Fighting
 * Level 10.1 Maces & Flails
 - Level 4.0 Armour
 - Level 4.0 Shields


You had 7 spell levels left.
You didn't know any spells.
Your spell library contained the following spells:

 Spells                   Type           Power      Damage    Failure   Level
 Call Canine Familiar     Summ           0%         N/A       100%        3
 Inner Flame              Hex/Fire       0%         N/A       100%        3
 Portal Projectile        Hex/Tloc       0%         N/A       100%        3
 Cause Fear               Hex            0%         N/A       100%        4
 Leda's Liquefaction      Hex/Erth       0%         N/A       100%        4
 Discord                  Hex            0%         N/A       100%        8


Dungeon Overview and Level Annotations

Branches:
Dungeon (6/15)              Sewer (visited)
 Temple: D:4-7

Altars:
Cheibriados
Dithmenos
Hepliaklqana
Okawaru
The Shining One


Message History

The wight hits you but does no damage. You block the wight's attack.
You hit the wight but do no damage.
The wight is almost destroyed.
The wight hits you with a +4 hand axe.
You feel drained.
The wight hits you from afar with a +2 trident of freezing.
You feel drained. The wight freezes you. The wight hits you but does no damage.
You hit the wight but do no damage.
The wight is almost destroyed.
The wight hits you from afar with a +2 trident of freezing.
You feel drained. The wight freezes you. You block the wight's attack.
The wight barely misses you. You block the wight's attack.
You hit the wight.
You destroy the wight!
The Shining One accepts your kill. You block the wight's attack.
The wight hits you but does no damage. You block the wight's attack.
Your Maces & Flails skill increases to level 10!
You hit the wight but do no damage. You block the wight's attack. x2
The wight hits you with a +5 hand axe.
You are too injured to fight recklessly!
You are too injured to fight recklessly!
You are too injured to fight recklessly!
You are too injured to fight recklessly!
You sock the wight!
The wight is moderately damaged.
You block the wight's attack. The wight barely misses you.
The wight hits you but does no damage.
You hit the wight but do no damage.
The wight is moderately damaged.
The wight hits you from afar with a +2 trident of freezing!
You feel drained.
* * * LOW HITPOINT WARNING * * *
The wight freezes you.
* * * LOW HITPOINT WARNING * * *
The wight hits you but does no damage. The wight hits you with a +5 hand axe!
* * * LOW HITPOINT WARNING * * *
You hit the wight but do no damage.
The wight is moderately damaged.
The wight hits you from afar with a +2 trident of freezing!
You die...

#### #@<#
#)zz....#
#.z......##
#........#
#..........#
.............#
..............


You could see 3 wights.

Vanquished Creatures
  Pargi (Sewer)
  An ogre (D:5)
  A black bear (D:4)
  A wight (D:6)
  5 killer bees (D:5)
  A jelly (D:5)
  2 hounds (D:4)
  2 orc priests
  2 iguanas (D:5)
  3 orc wizards
  Natasha (thrice) (D:3)
  3 gnolls (D:5)
  5 adders
  2 ufetubi (D:5)
  2 worms
  3 dart slugs
  14 orcs
  8 ball pythons
  12 endoplasms
  9 giant cockroaches
  8 goblins
  8 hobgoblins
  4 jackals (D:3)
  4 quokkas
  8 bats
  A frilled lizard (D:2)
  8 kobolds
  9 rats
130 creatures vanquished.

Notes
Turn   | Place    | Note
-------+----------+-------------------------------------------
     0 | D:1      | YayAnonymity the Hill Orc Fighter began the quest for the
                  | Orb.
     0 | D:1      | Reached XP level 1. HP: 19/19 MP: 1/1
   257 | D:1      | Reached XP level 2. HP: 27/27 MP: 2/2
   683 | D:1      | Reached XP level 3. HP: 31/33 MP: 3/3
   719 | D:1      | Reached skill level 3 in Maces & Flails
  1444 | D:2      | Found a faded altar of an unknown god.
  1912 | D:2      | Reached XP level 4. HP: 40/40 MP: 4/4
  1979 | D:2      | Found a shadowy altar of Dithmenos.
  2046 | D:3      | Found a glowing drain.
  2064 | Sewer    | Entered a sewer
  2109 | Sewer    | Identified the +0 robe "Dawys" {rF++ Will+}
  2133 | Sewer    | Noticed Pargi
  2147 | Sewer    | Killed Pargi
  2148 | Sewer    | Reached skill level 4 in Maces & Flails
  2148 | Sewer    | Reached XP level 5. HP: 19/46 MP: 5/5
  2397 | Sewer    | Reached skill level 5 in Maces & Flails
  2842 | D:3      | Noticed Natasha
  2853 | D:3      | Killed Natasha
  2969 | D:3      | Reached XP level 6. HP: 48/52 MP: 6/6
  3431 | D:3      | Noticed Natasha
  3441 | D:3      | Killed Natasha
  3442 | D:3      | Reached skill level 6 in Maces & Flails
  3531 | D:3      | Noticed Natasha
  3536 | D:3      | Killed Natasha
  3720 | D:4      | Found a glowing golden altar of the Shining One.
  3720 | D:4      | Found an iron altar of Okawaru.
  3720 | D:4      | Noticed a black bear
  3728 | D:4      | Killed a black bear
  3729 | D:4      | Reached skill level 7 in Maces & Flails
  3729 | D:4      | Reached XP level 7. HP: 49/59 MP: 7/7
  3731 | D:4      | Became a worshipper of the Shining One
  3953 | D:4      | Identified the +0 leather armour "Zeapuq" {Str+4}
  4284 | D:4      | Found a hazy altar of Hepliaklqana.
  4465 | D:5      | Entered Level 5 of the Dungeon
  4497 | D:5      | Reached skill level 8 in Maces & Flails
  4642 | D:5      | Found a snail-covered altar of Cheibriados.
  4808 | D:5      | Reached skill level 9 in Maces & Flails
  4810 | D:5      | Reached XP level 8. HP: 12/66 MP: 8/8
  5490 | D:6      | Reached * piety under the Shining One
  5499 | D:6      | Reached skill level 10 in Maces & Flails
  5502 | D:6      | Slain by a wight

Illustrated notes

Levels and vault maps discovered:
D:1:      amcnicky_arrival_single_pillar, layout_basic, chequers_big_river,
          corexii_hall_statues_i, hangedman_decor_clover_reticule,
          minmay_surrounded
D:2:      layout_basic, nicolae_ecumenical_snake_handling, basic_altar,
          dk_noncrumbling_3
D:3:      kennysheep_six_static_rooms, layout_basic, gup_sewer_entry_pipe,
          uniq_natasha
D:4:      layout_gridville, gammafunk_temple_overflow_wave,
          mainiacjoe_overflow_surrounded_room
D:5:      layout_rooms, mainiacjoe_overflow_catwalk
D:6:      layout_cave_pools, kiku_gazebo_garden_becter, minmay_shop_damaged

Skill      XL: |  1  2  3  4  5  6  7  8 |
---------------+-------------------------+-----
Maces & Flails | 3 4 5 7 9 10 | 10.1
Fighting       | 4 |  4.0
Armour         | 4 |  4.0
Shields        | 4 |  4.0

Action                   |  1- 3 |  4- 6 |  7- 9 || total
-------------------------+-------+-------+-------++-------
Melee: Flail             |   116 |   146 |   147 ||   409
  Use: Scroll            |       |     7 |     3 ||    10
       Potion            |       |       |     1 ||     1
Armor: Scale mail        |    60 |    26 |       ||    86
       Chain mail        |       |    82 |   100 ||   182
Dodge: Dodged            |    58 |    67 |    41 ||   166
Block: Buckler           |    25 |    38 |    76 ||   139

Table legend: (Time is in decaauts)
 A = Elapsed time spent in this place.
 B = Non-inter-level travel time spent in this place.
 C = Inter-level travel time spent in this place.
 D = Time resting spent in this place.
 E = Time spent auto-exploring this place.
 F = Levels seen in this place.
 G = Mean time per level.
                   A        B        C        D        E       F      G
               +--------+--------+--------+--------+--------+-----+--------+
         Total |   5580 |   5463 |    117 |    372 |   4050 |   7 |  797.1 |
       Dungeon |   5213 |   5096 |    117 |    360 |   3823 |   6 |  868.8 |
         Sewer |    367 |    367 |      0 |     12 |    227 |   1 |  367.0 |
               +--------+--------+--------+--------+--------+-----+--------+

Top non-repeatable levels by time:
     D:1: 1453 daAuts
     D:3: 1187 daAuts
     D:5: 1026 daAuts
     D:4: 904 daAuts
     D:2: 630 daAuts
   Sewer: 367 daAuts
     D:6: 11 daAuts
